 Dungeon Crawl Stone Soup version 0.30-a0-879-ga8ba668304 (webtiles) character file.

Game seed: 15946657679942637361

157 cforsyth the Covered (level 5, 0/44 HPs)
             Began as a Barachi Fighter on Mar 13, 2023.
             Slain by Terence
             ... wielding a +0 hand axe
              (10 damage)
             ... on level 3 of the Dungeon.
             The game lasted 00:02:33 (2007 turns).

cforsyth the Covered (Barachi Fighter)              Turns: 2007, Time: 00:02:34

Health: 0/44       AC:  8    Str: 19    XL:     5   Next: 38%
Magic:  5/5        EV:  9    Int:  9    God:
Gold:   82         SH:  4    Dex: 11    Spells: 4/4 levels left

rFire   . . .      SeeInvis .    a - +0 war axe
rCold   . . .      Faith    .    c - +0 buckler
rNeg    . . .      Spirit   .    b - +0 scale mail
rPois   .          Reflect  .    (no helmet)
rElec   .          Rampage  .    i - +0 cloak
rCorr   .                        (no gloves)
Will    .....                    (no boots) Stlth
                                 (no amulet)
HPRegen 0.27/turn                (no ring)
MPRegen 0.09/turn                (no ring)

@: slow
A: amphibious, slowness 1, strong legs 1, +LOS
a: Hop


You were on level 3 of the Dungeon.
You visited 1 branch of the dungeon, and saw 3 of its levels.

You collected 82 gold pieces.

Inventory:

Hand Weapons
 a - a +0 war axe (weapon)
Armour
 b - a +0 scale mail (worn)
 c - a +0 buckler (worn)
 i - a +0 cloak (worn)
Scrolls
 e - a scroll of enchant armour {unknown}
 g - a scroll of fog {unknown}
 h - 3 scrolls of identify {unknown}
 k - a scroll of enchant weapon {unknown}
Potions
 d - a potion of might
 f - a potion of heal wounds {unknown}
 j - a potion of lignification {unknown}
 l - a potion of degeneration {unknown}


   Skills:
 + Level 5.2 Fighting
 - Level 2.8 Axes
 + Level 5.2 Armour
 - Level 3.8 Shields


You had 4 spell levels left.
You didn't know any spells.
Your spell library contained the following spells:

 Spells                   Type           Power      Damage    Failure   Level
 Vhi's Electric Charge    Tloc/Air       0%         N/A       99%         3
 Arcjolt                  Conj/Air       0%         1d10      100%        5
 Maxwell's Capacitive Co  Air            0%         ∞         100%        8


Dungeon Overview and Level Annotations

Branches:
Dungeon (3/15)

Altars:

Annotations:
D:2 1 runed translucent door, Crazy Yiuf
D:3 Terence


Innate Abilities, Weirdness & Mutations

You are amphibious.
You cover ground slowly.
You can hop short distances.
You have an extended range of vision and can be seen from far away.


Message History

You hit the rat.
You kill the rat!
No target in view!
No target in view!
No target in view!
No target in view!
No target in view!
No target in view!
Found a stone staircase leading up.
Found 6 poisoned darts.
Terence the Incautious comes into view.
He is wielding a +0 hand axe.
Found 6 gold pieces.
Terence drinks a potion.
Terence seems to grow stronger.
You slash Terence!
Terence is heavily wounded.
Terence hits you but does no damage. Terence hits you with a +0 hand axe.
You closely miss Terence.
Terence is heavily wounded.
Terence hits you with a +0 hand axe.
You hit Terence but do no damage.
Terence is heavily wounded.
Terence hits you with a +0 hand axe!
You hit Terence but do no damage.
Terence is heavily wounded.
Terence hits you with a +0 hand axe! x2
* * * LOW HITPOINT WARNING * * *
You are too injured to fight recklessly!
You are too injured to fight recklessly!
You are too injured to fight recklessly!
You are too injured to fight recklessly!
You are too injured to fight recklessly!
You are too injured to fight recklessly!
You closely miss Terence.
Terence is heavily wounded.
Terence hits you but does no damage.
You barely miss Terence.
Terence is heavily wounded.
Terence screams, "I'm going to kill you!"
Terence hits you with a +0 hand axe!
You die...

.##..................
.###.....#.########..
.####...##.## ..#
######..# #.# ##.##
#.## #..#### #..#
##....## ##.##
####..###.# .#..##
##@<..$# ...))##
#.....@###≈≈≈≈
...).<# #..####..#
....)..# # #..(
.......# ##..
......... ###
........## ........#
......###


You could see Terence (strong).

Vanquished Creatures
  Natasha (D:2)
  An orc wizard (D:2)
  2 gnolls (D:3)
  2 adders (D:2)
  A worm (D:2)
  3 dart slugs
  9 orcs
  A ball python (D:2)
  6 endoplasms
  3 giant cockroaches
  4 goblins
  A hobgoblin (D:2)
  2 jackals (D:2)
  4 quokkas
  4 bats
  3 frilled lizards
  A kobold (D:1)
  3 rats
51 creatures vanquished.

Vanquished Creatures (others)
  13 plants (D:2)
13 creatures vanquished.

Grand Total: 64 creatures vanquished

Notes
Turn   | Place    | Note
-------+----------+-------------------------------------------
     0 | D:1      | cforsyth the Barachi Fighter began the quest for the Orb.
     0 | D:1      | Reached XP level 1. HP: 18/18 MP: 1/1
    59 | D:1      | Reached XP level 2. HP: 25/25 MP: 2/2
   742 | D:2      | Reached XP level 3. HP: 30/30 MP: 3/3
   903 | D:2      | Found a runed translucent door.
   904 | D:2      | Noticed Crazy Yiuf
  1216 | D:2      | Noticed Natasha
  1220 | D:2      | Killed Natasha
  1221 | D:2      | Reached XP level 4. HP: 37/38 MP: 4/4
  1290 | D:2      | Found a faded altar of an unknown god.
  1460 | D:2      | Reached XP level 5. HP: 43/43 MP: 5/5
  1893 | D:3      | Reached skill level 5 in Armour
  1896 | D:3      | Reached skill level 5 in Fighting
  1998 | D:3      | Noticed Terence
  2007 | D:3      | Slain by Terence

Illustrated notes

Levels and vault maps discovered:
D:1:      wander_arrival_estate, layout_loops_ring
D:2:      layout_loops_corners, serial_forest, infiniplex_forest_lined_3,
          infiniplex_forest_clump_tiny, infiniplex_forest_fountain,
          infiniplex_forest_3_way, infiniplex_forest_clump_diagonal,
          infiniplex_forest_clump_diagonal, infiniplex_forest_clump_long,
          infiniplex_forest_clump_cross, hellmonk_ecumenical_altar_blasted,
          uniq_crazy_yiuf_cottage, uniq_natasha
D:3:      layout_rooms, mainiacjoe_overflow_alcove_1, serial_shops,
          nicolae_shop_waterfront, gammafunk_ghost_grave, grunt_decor_cap,
          uniq_terence

Skill      XL: |  1  2  3  4  5 |
---------------+----------------+-----
Fighting       | 4 5 |  5.2
Armour         | 4 5 |  5.2
Axes           | |  2.8
Shields        | |  3.8

Action                     |  1- 3 |  4- 6 || total
---------------------------+-------+-------++-------
  Melee: War axe           |    60 |    58 ||   118
 Armour: Scale mail        |    23 |    33 ||    56
  Dodge: Dodged            |    22 |    26 ||    48
  Block: Buckler           |     9 |    13 ||    22

Table legend: (Time is in decaauts)
 A = Elapsed time spent in this place.
 B = Non-inter-level travel time spent in this place.
 C = Inter-level travel time spent in this place.
 D = Time resting spent in this place.
 E = Time spent auto-exploring this place.
 F = Levels seen in this place.
 G = Mean time per level.
                   A        B        C        D        E       F      G
               +--------+--------+--------+--------+--------+-----+--------+
         Total |   2382 |   2300 |     82 |      0 |   1964 |   3 |  794.0 |
       Dungeon |   2382 |   2300 |     82 |      0 |   1964 |   3 |  794.0 |
               +--------+--------+--------+--------+--------+-----+--------+

Top non-repeatable levels by time:
     D:2: 1391 daAuts
     D:1: 849 daAuts
     D:3: 142 daAuts
